 Dungeon Crawl Stone Soup version 0.25.1-2-g60ff931df9 (webtiles) character file.

Game seed: 12158843938717736476

18503 Doot the Geomancer (level 12, -11/85 HPs)
             Began as a Red Draconian Earth Elementalist on Aug 25, 2020.
             Was a High Priest of Vehumet.
             Mangled by an orc warrior
             ... wielding a +0 hand axe
             ... led by an orc warlord
              (28 damage)
             ... on level 2 of the Orcish Mines on Aug 26, 2020.
             The game lasted 00:41:31 (15970 turns).

Doot the Geomancer (DrEE)                          Turns: 15970, Time: 00:41:31

Health: -11/85     AC: 11    Str: 11    XL:     12   Next: 28%
Magic:  27/27      EV: 13    Int: 26    God:    Vehumet [*****.]
Gold:   1630       SH:  0    Dex: 12    Spells: 14/33 levels left

rFire    + . .     SeeInvis .   N - +2 dagger (drain)
rCold    . . .     Gourm    .   (no shield)
rNeg     . . .     Faith    .   (armour unavailable)
rPois    +         Spirit   .   (helmet restricted)
rElec    .         Reflect  .   v - +0 cloak
rCorr    .         Harm     .   w - +0 pair of gloves
MR       .....                  t - +0 pair of boots
Stlth    +++.......             D - amulet of regeneration
HPRegen  0.64/turn              y - +6 ring of intelligence
MPRegen  0.20/turn              i - ring of poison resistance

@: marked, lightly drained
A: breathe fire, unfitting armour, fire resistance 1, cold-blooded, AC +8
a: Breathe Fire, Renounce Religion


You were on level 2 of the Orcish Mines.
You worshipped Vehumet.
Vehumet was extremely pleased with you.
You were not hungry.

You visited 3 branches of the dungeon, and saw 15 of its levels.

You collected 1837 gold pieces.
You spent 207 gold pieces at shops.

Inventory:

Hand Weapons
 a - a +0 dagger
 N - a +2 dagger of draining (weapon)
 U - a +5 falchion of freezing
 V - a +2 scimitar of flaming
Missiles
 n - 29 stones (quivered)
Armour
 t - a +0 pair of boots (worn)
 v - a +0 cloak (worn)
 w - a +0 pair of gloves (worn)
Magical Staves
 P - an uncursed staff of fire
Jewellery
 i - a ring of poison resistance (right hand)
 m - an uncursed ring of fire
 q - an uncursed ring of wizardry
 r - an uncursed ring of wizardry
 u - a +6 ring of strength {unknown}
 y - a +6 ring of intelligence (left hand)
 D - an amulet of regeneration (around neck)
 O - a +4 ring of evasion {unknown}
 R - an uncursed ring of fire
Wands
 A - a wand of clouds (5)
 B - a wand of polymorph (10)
 K - a wand of paralysis (12)
Scrolls
 d - 7 scrolls of teleportation
 e - 6 scrolls of magic mapping
 g - 3 scrolls of identify
 h - 11 scrolls of remove curse {unknown}
 j - a scroll of enchant weapon {unknown}
 k - 4 scrolls of fog
 l - a scroll of noise
 o - 5 scrolls of fear
 p - 2 scrolls of enchant armour
 E - a scroll of immolation
 G - 2 scrolls of blinking
 S - a scroll of amnesia {unknown}
Potions
 b - a potion of ambrosia
 f - 4 potions of curing
 s - 3 potions of flight
 x - a potion of brilliance {unknown}
 z - 2 potions of might
 C - a potion of degeneration
 F - a potion of stabbing
 H - 2 potions of invisibility
 I - 4 potions of lignification
 J - a potion of resistance
 L - a potion of heal wounds
 M - a potion of haste
 Q - a potion of mutation
 T - a potion of magic {unknown}
Comestibles
 c - 21 rations


   Skills:
 + Level 2.3(2.2) Fighting
 + Level 1.5(1.6) Short Blades
 + Level 1.1(1.4) Long Blades
 + Level 3.7(3.6) Dodging
 + Level 5.1(5.0) Stealth
 + Level 11.4(11.2) Spellcasting
 + Level 3.2(3.1) Conjurations
 + Level 1.4(1.3) Transmutations
 * Level 8.4(8.2) Fire Magic
 + Level 12.5(12.4) Earth Magic


You had 14 spell levels left.
You knew the following spells:

 Your Spells              Type           Power        Failure   Level  Hunger
a - Sandblast             Erth           ######       1%          1    None
b - Stone Arrow           Conj/Erth      ######       1%          3    None
c - Lee's Rapid Deconstr  Erth           ######....   1%          5    ###....
d - Petrify               Tmut/Erth      ######..     2%          4    None
e - Foxfire               Conj/Fire      ####         1%          1    None
f - Fireball              Conj/Fire      #####.....   3%          5    ###....

Your spell library contained the following spells:

 Spells                   Type           Power        Failure   Level  Hunger
 Magic Dart               Conj           ####         1%          1    None
 Passwall                 Tmut/Erth      ######..     1%          2    None
 Searing Ray              Conj           ####..       1%          2    None
 Dazzling Flash           Conj/Hex       ###...       1%          3    None
 Fulminant Prism          Conj/Hex       ###.......   6%          4    None
 Iskenderun's Mystic Bla  Conj/Tloc      ###.....     6%          4    None
 Confusing Touch          Hex            ##......     12%         3    None
 Gell's Gravitas          Tloc           ##........   12%         3    None
 Yara's Violent Unravell  Hex/Tmut       ###.......   21%         5    ###....
 Metabolic Englaciation   Hex/Ice        ##........   75%         5    ###....


Dungeon Overview and Level Annotations

Branches:
Dungeon (12/15)            Temple (1/1) D:6            Lair (0/6) D:9
    Orc (2/2) D:12            Elf (0/3) Orc:2

Altars:
Ashenzari
Cheibriados
Dithmenos
Elyvilon
Fedhas
Gozag
Hepliaklqana
Kikubaaqudgha
Makhleb
Nemelex Xobeh
Okawaru
Qazlal
Ru
Sif Muna
Trog
Uskayaw
Vehumet
Wu Jian
Xom
Yredelemnul
Zin
The Shining One

Shops:
D:7 =(?


Innate Abilities, Weirdness & Mutations

You can breathe blasts of fire.
Your fiery red scales are hard. (AC +8)
You cannot fit into any form of body armour.
Your flesh is heat resistant. (rF+)
You are cold-blooded and may be slowed by cold attacks.


Message History

The orc warlord is too close now for your liking.
The orc warlord hits you from afar with a +3 bardiche of protection!!
The orc warlord pulls the alarm!
The alarm trap emits a blaring wail!
A sentinel's mark forms upon you.
You hear a shout! x2
An orc comes into view.
An orc warrior comes into view. It is wielding a +0 hand axe.
The orc warrior hits you with a +0 hand axe.
The orc warlord roars a battlecry!
The orcs go into a battle-frenzy!
The orc warrior hits you with a +0 hand axe!!
The orc barely misses you.
The orc warrior hits you with a +0 hand axe!
The orc barely misses you.
The orc warrior hits you with a +0 hand axe!!
* * * LOW HITPOINT WARNING * * *
There is a stone staircase leading up here.
The orc warrior hits you with a +0 hand axe!!
You die...

### ### ####.# #####.##
#...### ##.##...# ......#
#......###
......#####......#.###
........##....o......####
...............#o.....#.##
[.[.........o..#@........#
)##..........###<.......##
###...#[....#####........#
o###.#........###.......##
..##..........#........##
.........##...........##
#.....#.####.........##
##....### #.##......##
#...### #####....##


You could see an orc warrior (strong).

Vanquished Creatures
  Azrael (D:12)
  Snorg (Orc:1)
  A yaktaur captain (D:12)
  A hydra (D:12)
  A dancing weapon (D:12)
  2 orc sorcerers (Orc:2)
  A komodo dragon (D:9)
  A hornet (D:12)
  2 trolls
  Prince Ribbit (D:7)
  A hippogriff (D:10)
  A meliai zombie (D:11)
  2 wyverns
  22 yaks
  3 fire elementals (D:12)
  A hungry ghost (D:12)
  A vampire mosquito (D:12)
  2 wargs
  2 acid dragons
  2 water moccasins
  5 hell hounds
  12 orc warriors
  2 ice beasts
  An eye of draining (D:12)
  3 sky beasts
  A phantom (D:9)
  A necrophage (D:11)
  9 ogres
  6 centaurs
  4 big kobolds
  9 bullfrogs
  A gnoll sergeant (D:10)
  8 scorpions
  6 killer bees (D:7)
  9 wights
  2 howler monkeys (D:9)
  4 crimson imps
  6 jellies
  A bullfrog zombie (D:9)
  2 quasits
  5 hounds
  14 orc priests
  3 bullfrog skeletons (D:11)
  Natasha (thrice) (D:4)
  2 iguanas
  16 orc wizards
  5 worker ants
  A killer bee zombie (D:7)
  A hound zombie (D:11)
  A hound skeleton (D:8)
  A worker ant zombie (D:5)
  5 gnolls (D:10)
  14 adders
  5 shadow imps
  An adder zombie (D:8)
  5 worms
  3 dart slugs
  2 leopard geckos
  53 orcs
  2 ball pythons
  8 bats
  7 giant cockroaches
  6 goblins
  7 hobgoblins
  20 jackals
  17 kobolds
  3 quokkas
  A ball python zombie (D:5)
  5 frilled lizards
  A leopard gecko skeleton (D:7)
  A quokka skeleton (D:7)
  2 quokka zombies
  4 rats
365 creatures vanquished.

Vanquished Creatures (others)
  A plant (D:9)
1 creature vanquished.

Grand Total: 366 creatures vanquished

Notes
Turn   | Place    | Note
-------+----------+-------------------------------------------
     0 | D:1      | Doot the Draconian Earth Elementalist began the quest for
                  | the Orb.
     0 | D:1      | Reached XP level 1. HP: 14/14 MP: 3/3
   193 | D:1      | Reached XP level 2. HP: 20/20 MP: 1/5
   980 | D:2      | Reached XP level 3. HP: 10/26 MP: 0/6
  1274 | D:2      | Found a shimmering blue altar of Sif Muna.
  1345 | D:2      | Learned a level 3 spell: Stone Arrow
  1840 | D:3      | Reached XP level 4. HP: 33/33 MP: 4/8
  1953 | D:3      | Reached skill level 4 in Earth Magic
  2397 | D:4      | Reached XP level 5. HP: 38/38 MP: 5/10
  2442 | D:4      | Learned a level 5 spell: Lee's Rapid Deconstruction
  2930 | D:4      | Found a shadowy altar of Dithmenos.
  2932 | D:4      | Noticed Natasha
  2936 | D:4      | Killed Natasha
  2936 | D:4      | Reached XP level 6. HP: 45/45 MP: 9/12
  2942 | D:4      | Learned a level 4 spell: Petrify
  3275 | D:4      | Reached skill level 5 in Earth Magic
  3363 | D:4      | Noticed Natasha
  3368 | D:4      | Killed Natasha
  3481 | D:4      | Noticed Natasha
  3485 | D:4      | Killed Natasha
  3735 | D:5      | Entered Level 5 of the Dungeon
  4055 | D:5      | Your scales start taking on a fiery red colour.
  4055 | D:5      | Reached XP level 7. HP: 50/50 MP: 9/14
  4055 | D:5      | Gained mutation: Your flesh is heat resistant. (rF+) [Red
                  | Draconian growth]
  4141 | D:5      | Reached skill level 5 in Spellcasting
  4141 | D:5      | Reached skill level 6 in Earth Magic
  4795 | D:6      | Reached skill level 1 in Conjurations
  4795 | D:6      | Reached XP level 8. HP: 46/58 MP: 5/17
  4954 | D:6      | Reached skill level 1 in Fighting
  5027 | D:6      | Reached skill level 7 in Earth Magic
  5060 | D:6      | Found a staircase to the Ecumenical Temple.
  5074 | Temple   | Entered the Ecumenical Temple
  5080 | Temple   | Became a worshipper of Vehumet
  5392 | D:6      | Found Ciyzan's Magic Scroll Shoppe.
  5906 | D:7      | Found a white marble altar of Elyvilon.
  6090 | D:7      | Found Liut Foa's Jewellery Emporium.
  6441 | D:7      | Found Efoaconk's Weapon Boutique.
  6579 | D:7      | Reached XP level 9. HP: 64/64 MP: 9/20
  6644 | D:7      | Found a shimmering altar of Xom.
  6706 | D:7      | Reached skill level 8 in Earth Magic
  6718 | D:7      | Noticed Prince Ribbit
  6729 | D:7      | Killed Prince Ribbit
  7132 | D:7      | Found Fuerchug's Magic Scroll Shoppe.
  7135 | D:7      | Bought a scroll of blinking for 97 gold pieces
  7135 | D:7      | Bought a scroll of fear for 45 gold pieces
  7135 | D:7      | Bought a scroll of identify for 26 gold pieces
  7135 | D:7      | Bought a scroll of teleportation for 39 gold pieces
  7355 | D:8      | Reached * piety under Vehumet
  7355 | D:8      | Offered knowledge of Foxfire by Vehumet.
  7358 | D:8      | Learned a level 1 spell: Foxfire
  7596 | D:8      | Found a blossoming altar of Fedhas.
  7819 | D:8      | Found a hazy altar of Hepliaklqana.
  7880 | D:8      | Reached skill level 1 in Fire Magic
  8101 | D:8      | Reached skill level 9 in Earth Magic
  8397 | D:8      | Found a glowing silver altar of Zin.
  8403 | D:8      | Found a basalt altar of Yredelemnul.
  8503 | D:8      | Reached skill level 1 in Long Blades
  8503 | D:8      | Reached XP level 10. HP: 72/72 MP: 11/22
  8619 | D:8      | Reached ** piety under Vehumet
  8619 | D:8      | Offered knowledge of Magic Dart by Vehumet.
  9203 | D:9      | Reached skill level 10 in Earth Magic
  9305 | D:9      | Found a staircase to the Lair.
  9764 | D:9      | Offered knowledge of Static Discharge by Vehumet.
  9975 | D:10     | Entered Level 10 of the Dungeon
 10047 | D:10     | Reached *** piety under Vehumet
 10461 | D:10     | Offered knowledge of Frozen Ramparts by Vehumet.
 10872 | D:11     | Reached skill level 11 in Earth Magic
 11058 | D:11     | Reached skill level 5 in Fire Magic
 11059 | D:11     | Reached skill level 10 in Spellcasting
 11065 | D:11     | Reached XP level 11. HP: 79/79 MP: 10/25
 11136 | D:11     | Reached **** piety under Vehumet
 11360 | D:11     | Offered knowledge of Ignite Poison by Vehumet.
 12283 | D:12     | Found a staircase to the Orcish Mines.
 12906 | D:12     | Reached skill level 1 in Short Blades
 12957 | D:12     | Noticed a +2 trident of freezing
 12958 | D:12     | Noticed a yaktaur captain
 12978 | D:12     | HP: 3/118 [yaktaur captain (11)]
 12988 | D:12     | Killed a yaktaur captain
 13287 | D:12     | Noticed Azrael
 13526 | D:12     | Noticed a five-headed hydra
 13542 | D:12     | Killed a five-headed hydra
 13542 | D:12     | Reached skill level 12 in Earth Magic
 13700 | D:12     | Killed a +2 trident of freezing
 13882 | D:12     | Killed Azrael
 14129 | Orc:1    | Entered Level 1 of the Orcish Mines
 14218 | Orc:1    | Noticed Snorg
 14237 | Orc:1    | Reached XP level 12. HP: 85/85 MP: 21/27
 14312 | Orc:2    | Entered Level 2 of the Orcish Mines
 14353 | Orc:1    | Killed Snorg
 14353 | Orc:1    | Reached skill level 5 in Stealth
 14669 | Orc:2    | Found a staircase to the Elven Halls.
 14930 | Orc:2    | Found a burning altar of Makhleb.
 15174 | Orc:2    | Reached ***** piety under Vehumet
 15177 | Orc:2    | Offered knowledge of Fireball by Vehumet.
 15277 | Orc:2    | Learned a level 5 spell: Fireball
 15757 | Orc:2    | Noticed an orc warlord
 15970 | Orc:2    | Mangled by an orc warrior

Illustrated notes

Levels and vault maps discovered:
D:1:      dpeg_arrival_court, layout_basic
D:2:      layout_rooms, lemuel_round_altar, kennysheep_generic_room_7
D:3:      layout_loops_ring
D:4:      layout_loops_ring, grunt_dithmenos_smoke, first_ration, uniq_natasha
D:5:      layout_basic
D:6:      minmay_general_purpose_star, layout_loops_ring,
          minmay_temple_entry_statues_fountains, serial_shops,
          nicolae_shop_temple_entry_statues_fountains
D:7:      layout_loops_ring, tgw_xom, serial_shops, kennysheep_mini,
          nicolae_shop_crystal, kennysheep_little_box, elyvilon_altar_4,
          uniq_prince_ribbit1
D:8:      layout_basic, lemuel_round_altar, minitemple, basic_altar,
          grunt_pizzeria
D:9:      layout_loops_cross, david_lair_shrubbed
D:10:     layout_basic, chequers_decorated_corner
D:11:     layout_irregular_city
D:12:     minmay_outward_triangles, layout_loops_cross, david_orc_3, uniq_azrael
Temple:   eino_temple_rhombus
Orc:1:    layout_caves, uniq_snorg
Orc:2:    kennysheep_orc_mage_school, layout_diamond_mine, bloody_makhleb

Skill      XL: |  1  2  3  4  5  6  7  8  9 10 11 12 |
---------------+-------------------------------------+-----
Dodging        | 2 3 |  3.7
Stealth        | 2 3 4 5 |  5.1
Spellcasting   | 3 4 6 7 8 10 11 | 11.4
Earth Magic    | 4 5 6 7 9 11 12 | 12.5
Conjurations   | 1 2 3 |  3.2
Fighting       | 1 2 |  2.3
Fire Magic     | 3 5 7 8 |  8.4
Long Blades    | 1 |  1.1
Short Blades   | 1 |  1.5
Transmutations | |  1.4

Action                   |  1- 3 |  4- 6 |  7- 9 | 10-12 || total
-------------------------+-------+-------+-------+-------++-------
Melee: Dagger            |     9 |     6 |    21 |    47 ||    83
       Tailslap          |       |     1 |     4 |     7 ||    12
       Falchion          |       |       |     2 |     2 ||     4
 Cast: Sandblast         |    57 |    83 |    79 |   124 ||   343
       Stone Arrow       |       |    12 |    21 |    95 ||   128
       Lee's Rapid Decon |       |     1 |    25 |    63 ||    89
       Petrify           |       |       |     1 |    18 ||    19
 Abil: Breathe Fire      |       |       |     7 |     2 ||     9
Evoke: Wand              |       |       |       |     2 ||     2
  Use: Scroll            |       |       |     7 |     7 ||    14
       Potion            |       |       |       |     6 ||     6
 Stab: Sleeping          |     1 |     1 |       |     3 ||     5
       Petrified         |       |       |     4 |    28 ||    32
  Eat: Chunk             |     3 |     9 |    14 |    23 ||    49
       Ration            |       |       |     2 |     3 ||     5
Armor: Skin              |     3 |    27 |    36 |    63 ||   129
Dodge: Dodged            |    23 |    34 |    50 |   100 ||   207
       Rpst.: Falchion   |       |       |     1 |     1 ||     2
